 Dungeon Crawl Stone Soup version 0.13-a0-1577-g2bae144 (webtiles) character file.

102462 Jenx the Warrior (level 15, -10/145 (146) HPs)
             Began as a Lava Orc Berserker on June 10, 2013.
             Was a Priest of Trog.
             Mangled by a six-headed hydra (13 damage)
             ... on Level 4 of the Swamp on June 11, 2013.
             The game lasted 02:16:51 (25712 turns).

Jenx the Warrior (Lava Orc Berserker)              Turns: 25712, Time: 02:16:51

HP -10/145 (146) AC 23     Str 26      XL: 15   Next: 87%
MP  14/14        EV 10     Int  8      God: Trog [***...]
Gold 2056        SH  0     Dex 11      Spells:  0 memorised, 14 levels left

Res.Fire  : + + .   See Invis. : +   t - +4,+7 executioner's axe (vamp)
Res.Cold  : . . .   Warding    : .   B - +1 elf scale mail {rPois}
Life Prot.: . . .   Conserve   : .   (no shield)
Res.Poison: +       Res.Corr.  : .   i - +1 winged helmet
Res.Elec. : .       Clarity    : .   q - +2 elf cloak
Sust.Abil.: . .     Spirit.Shd : .   m - +1 pair of gloves
Res.Mut.  : .       Stasis     : .   H - +0 pair of elf boots
Res.Rott. : .       Flight     : .   (no amulet)
Saprovore : + . .                    y - ring of see invisible
                                     P - +1 ring of dexterity

@: exhausted, slowed, very slow, somewhat resistant to hostile enchantments,
extremely unstealthy
A: berserk 1, conserve scrolls, saprovore 1
a: Burn Spellbooks, Berserk, Trog's Hand, Renounce Religion


You were on level 4 of the Swamp.
You worshipped Trog.
Trog was greatly pleased with you.
You were very hungry.

You visited 5 branches of the dungeon, and saw 33 of its levels.

You collected 2747 gold pieces.
You spent 711 gold pieces at shops.

Inventory:

Hand weapons
 h - a +5,+1 orcish battleaxe of flaming
 t - a +4,+7 vampiric executioner's axe (weapon)
 M - a +3,+5 anti-magic executioner's axe
Missiles
 z - 12 javelins (quivered)
Armour
 e - a +1 orcish plate armour of cold resistance
 i - a +1 winged helmet (worn)
 m - a +1 pair of gloves (worn)
 q - a +2 elven cloak (worn)
 B - a +1 elven scale mail of poison resistance (worn)
 H - a +0 pair of elven boots (worn)
Magical devices
 j - a wand of fire (7)
 k - a wand of disintegration (7)
 o - a wand of disintegration (7)
 v - a wand of digging (5)
 G - a wand of lightning (3)
 V - a wand of frost (8)
 W - a wand of teleportation (2)
Comestibles
 c - a meat ration
 n - 3 bread rations
 A - a royal jelly
Scrolls
 a - a scroll of amnesia {unknown}
 l - 13 scrolls of remove curse
 p - 7 scrolls of blinking
 s - a scroll of acquirement {unknown}
 u - a scroll of identify
 D - a scroll of recharging {unknown}
 K - 5 scrolls of fear
 N - 4 scrolls of fog
 T - 7 scrolls of teleportation
 U - a scroll of curse jewellery {unknown}
Jewellery
 y - a ring of see invisible (right hand)
 P - a +1 ring of dexterity (left hand)
Potions
 b - a potion of confusion {unknown}
 d - a potion of curing
 f - 3 potions of might
 r - 3 potions of speed
 w - 2 potions of restore abilities
 O - a potion of strong poison {unknown}
 X - a potion of flight
Books
 x - a tome of Destruction


   Skills:
 - Level 20.5 Fighting
 - Level 20.3 Axes
 + Level 19.5 Armour
 - Level 1.5 Dodging


You had 14 spell levels left.
You didn't know any spells.

Dungeon Overview and Level Annotations

Branches:
Dungeon (15/27)            Temple (1/1) D:5             Orc (4/4) D:10
    Elf (0/3) Orc:3          Lair (8/8) D:10          Swamp (5/5) Lair:4
 Spider (0/5) Lair:4        Slime (0/6) Lair:7       Vaults (0/5) D:15

Altars:
Cheibriados
Elyvilon
Fedhas
Makhleb
Sif Muna
Trog
Vehumet
Xom
the Shining One
Beogh
Lugonu

Shops:
D:5: ( D:14: + Orc:4: [=*((

Portals:
Trove: D:12 (give 2 scrolls of acquirement)

Annotations
D:14 exclusion: Roxanne, Roxanne


Innate Abilities, Weirdness & Mutations

You have stony skin.
You cover ground slowly.
Your flesh is very heat resistant.
Your lava-based spells are more powerful.
Your flesh is vulnerable to cold.
Your heat harms attackers.
You bathe your surroundings in blazing heat.
You are too hot to use scrolls.
You are very good at protecting items from fire.
You can tolerate rotten meat.
You tend to lose your temper in combat.


Message History

Drink which item? (? for menu, Esc to quit)
You feel better.
The swamp dragon breathes poison at you.
The blast of poison hits you! You resist.
* * * LOW HITPOINT WARNING * * *
The swamp dragon breathes poison at you.
The blast of poison hits you! You resist.
* * * LOW HITPOINT WARNING * * *
The ten-headed hydra bites you but does no damage.
The ten-headed hydra barely misses you.
The ten-headed hydra bites you but does no damage.
The ten-headed hydra barely misses you.
The ten-headed hydra bites you but does no damage.
The ten-headed hydra closely misses you.
The ten-headed hydra bites you but does no damage.
The ten-headed hydra bites you.
* * * LOW HITPOINT WARNING * * *
The six-headed hydra bites you but does no damage.
The six-headed hydra bites you!
You die...

....≈≈≈≈≈≈≈...♣
≈......≈...≈≈.♣♣♣♣♣♣
.≈≈.§≈..≈≈≈≈≈.≈≈≈.≈♣♣
♣.≈ ≈≈≈≈≈≈≈.♣♣≈≈≈.≈♣
. ≈≈≈≈≈≈≈≈≈♣♣≈≈≈≈.♣
≈≈≈≈≈≈≈≈...>.≈≈≈♣
≈≈≈≈≈≈≈≈≈....≈≈.♣
≈≈≈≈≈≈≈≈≈DDDD≈≈♣
≈≈≈≈≈≈≈≈.♣♣@§§.♣
..≈≈≈≈≈?♣♣♣♣§§§♣
≈..§♣≈.. ♣§§§♣
≈.≈..≈♣ ♣§§≈(♣ ..≈≈.♣
♣♣♣≈♣♣ .≈≈≈♣ ♣♣♣ .


You could see a ten-headed hydra, a six-headed hydra and 2 swamp dragons.

Vanquished Creatures
  Nikola (D:15)
  Rupert (D:14)
  An orc warlord (Orc:1)
  2 stone giants (D:15)
  Snorg (D:14)
  A vault guard (D:12)
  A dragon (D:15)
  A ravenous item mimic (Lair:7)
  Harold (D:15)
  2 hydras
  Nessos (D:11)
  A sphinx zombie (D:15)
  4 death yaks (Lair:7)
  2 alligators
  A rakshasa (D:15)
  Urug (Orc:3)
  3 orc high priests (Orc:4)
  Nergalle (Lair:1)
  5 centaur warriors
  A soul eater (Orc:4)
  2 unseen horrors
  4 orc knights (Orc:4)
  2 swamp dragons
  Joseph (D:9)
  A hydra zombie (D:15)
  A griffon (D:14)
  3 hill giants (D:15)
  4 orc sorcerers (Orc:4)
  A harpy skeleton (D:14)
  3 cyclopes
  A catoblepas skeleton (D:14)
  11 spiny frogs
  5 elephants
  17 slime creatures
  5 yaktaurs (D:15)
  2 yaktaurs (shapeshifter)
  A feature mimic (Orc:4)
  4 black mambas
  2 hill giant zombies
  An iron devil (D:9)
  26 ugly things
  A smoke demon (Orc:4)
  Grinder (D:3)
  9 trolls
  4 hill giant skeletons
  8 komodo dragons
  9 spriggans (Lair:8)
  2 giant leeches
  4 bog bodies
  A deep dwarf artificer (D:10)
  18 blink frogs
  7 baby alligators
  8 grizzly bears
  A two-headed ogre (D:15)
  A giant firefly (Lair:8)
  3 basilisks
  2 wyverns (D:12)
  2 vampires
  68 yaks
  6 war dogs (Lair:8)
  A chaos spawn (Orc:4)
  11 hippogriffs
  A trapdoor spider (D:15)
  A golden eye (shapeshifter) (D:12)
  A ynoxinul (Orc:4)
  6 hungry ghosts
  2 wraiths (D:14)
  A hippogriff (shapeshifter) (D:15)
  2 yaktaur zombies
  A neqoxec (Orc:4)
  9 vampire mosquitoes
  A fire drake (Lair:7)
  Edmund (D:9)
  A soldier ant (D:13)
  A boulder beetle (Lair:6)
  A manticore (D:15)
  13 swamp worms
  A necrophage (D:10)
  A cyclops zombie (D:14)
  3 phantoms
  19 orc warriors
  A mottled dragon (D:14)
  5 sky beasts
  6 ice beasts
  A wyvern skeleton (D:12)
  3 giant goldfish
  A black bear (Lair:8)
  A yak zombie (D:14)
  A boring beetle (Lair:3)
  11 ogres
  A rock worm zombie (D:14)
  4 swamp drakes
  22 wolves (Lair:8)
  A troll skeleton (D:11)
  14 crocodiles
  9 centaurs
  A warg (Orc:2)
  A rotting devil (Orc:4)
  4 big kobolds
  7 giant slugs
  10 water moccasins
  18 giant frogs
  A giant frog zombie (D:6)
  5 agate snails
  A centaur skeleton (D:7)
  10 insubstantial wisps
  Blork the orc (D:5)
  A basilisk zombie (D:15)
  A basilisk skeleton (D:12)
  A gnoll sergeant (D:10)
  A two-headed ogre zombie (D:15)
  3 spectral orcs
  An eye of draining (D:11)
  15 killer bees
  2 electric eels (Swamp:1)
  4 wights
  9 jellyfish
  A killer bee zombie (D:12)
  6 ogre zombies (D:10)
  2 quasits (D:8)
  A goliath beetle (D:10)
  8 crimson imps
  24 orc priests
  3 iron imps (D:9)
  12 hounds
  A hound skeleton (D:5)
  3 big fish (Lair:7)
  20 orc wizards
  7 iguanas
  4 scorpions
  8 worker ants
  14 sheep
  Ijyb (D:4)
  6 jellies
  7 porcupines
  A mummy (D:8)
  21 adders
  5 gnolls (D:10)
  54 green rats
  4 lemures (D:9)
  2 giant centipedes
  2 giant centipede zombies
  A giant mite (D:7)
  An adder skeleton (D:9)
  6 worms
  3 ufetubi (Orc:4)
  A bat skeleton (D:4)
  3 giant eyeballs
  A giant gecko (D:1)
  An ooze (D:4)
  138 orcs
  2 ball pythons
  19 bats
  5 giant cockroaches
  13 goblins
  18 hobgoblins
  15 jackals
  13 quokkas
  A giant gecko zombie (D:5)
  2 giant newts
  2 giant spores
  2 goblin zombies (D:10)
  A hobgoblin skeleton (D:10)
  23 kobolds
  17 orc zombies (D:10)
  16 rats
  2 ballistomycetes
  28 fungi
  12 plants
1103 creatures vanquished.

Vanquished Creatures (collateral kills)
  3 stone giants (D:15)
  Erica (D:12)
  8 hydras
  The ghost of Kae the Conjurer, a powerful DrIE of Sif Muna (Lair:2)
  A catoblepas (D:15)
  2 swamp dragons
  A hydra zombie (D:15)
  A griffon (Lair:7)
  2 trolls
  A troll (shapeshifter) (D:15)
  A giant leech (Swamp:2)
  3 bog bodies (Swamp:5)
  A basilisk (Lair:8)
  A wyvern (D:15)
  A golden eye (shapeshifter) (D:15)
  A hungry ghost (D:12)
  A swamp worm (Swamp:4)
  A troll zombie (D:15)
  A swamp drake (Swamp:5)
  6 orc warriors
  A warg (Orc:1)
  A giant slug (Lair:8)
  A water moccasin (Lair:8)
  A two-headed ogre zombie (D:15)
  3 insubstantial wisps (Swamp:2)
  An orc priest (Orc:4)
  A deep elf soldier (D:12)
  An orc wizard (Orc:4)
  3 jellies (Lair:7)
  An ooze (Lair:7)
  6 orcs (Orc:1)
  A plant (Lair:8)
59 creatures vanquished.

Vanquished Creatures (others)
  A deep troll (Swamp:5)
  A hill giant (Orc:4)
  A troll (Swamp:5)
  A yak (D:14)
  A swamp worm (Swamp:4)
  A mottled dragon (D:14)
  5 ogres
  A crimson imp (D:14)
  2 porcupines
  A goblin (Orc:4)
  2 kobolds
  2 rats
  7 fungi
  7 plants
33 creatures vanquished.

Grand Total: 1195 creatures vanquished

Notes
Turn   | Place    | Note
--------------------------------------------------------------
     0 | D:1      | Jenx, the Lava Orc Berserker, began the quest for the Orb.
     0 | D:1      | Reached XP level 1. HP: 19/19 MP: 0/0
   107 | D:1      | Reached skill level 4 in Fighting
   207 | D:1      | Reached XP level 2. HP: 12/27 MP: 1/1
   568 | D:1      | Acquired Trog's second power
   568 | D:1      | Reached skill level 5 in Fighting
   826 | D:2      | Reached XP level 3. HP: 33/33 MP: 2/2
  1140 | D:2      | Reached skill level 5 in Axes
  1140 | D:2      | Reached XP level 4. HP: 36/40 MP: 3/3
  1252 | D:2      | Noticed an agate snail
  1253 | D:2      | Found a snail-covered altar of Cheibriados.
  1275 | D:2      | Killed an agate snail
  1275 | D:2      | Reached skill level 6 in Axes
  1275 | D:2      | Reached XP level 5. HP: 14/47 MP: 4/4
  2158 | D:3      | Noticed Grinder
  2159 | D:3      | Paralysed by Grinder for 5 turns
  2170 | D:3      | Paralysed by Grinder for 2 turns
  2177 | D:3      | Killed Grinder
  2177 | D:3      | Reached skill level 8 in Axes
  2177 | D:3      | Reached XP level 6. HP: 53/53 MP: 5/5
  2379 | D:3      | Found a bloodstained altar of Trog.
  2735 | D:4      | Found a shimmering altar of Xom.
  2771 | D:4      | Noticed Ijyb
  2786 | D:4      | Killed Ijyb
  2845 | D:4      | Reached skill level 9 in Axes
  2845 | D:4      | Reached XP level 7. HP: 55/60 MP: 6/6
  3173 | D:4      | Paralysed by a giant eyeball for 3 turns
  3312 | D:4      | Reached skill level 10 in Axes
  3627 | D:5      | Entered Level 5 of the Dungeon
  3674 | D:5      | Reached XP level 8. HP: 68/68 MP: 7/7
  3783 | D:5      | Found a blossoming altar of Fedhas.
  3879 | D:5      | Found Pheppesm's Antique Weapon Emporium.
  3887 | D:5      | Bought a glowing broad axe for 156 gold pieces
  3900 | D:5      | Acquired Trog's third power
  3959 | D:5      | Noticed Blork the orc
  3965 | D:5      | Killed Blork the orc
  3969 | D:5      | Found a staircase to the Ecumenical Temple.
  3984 | Temple   | Entered the Ecumenical Temple
  4227 | D:6      | Reached skill level 5 in Armour
  4448 | D:6      | Noticed a troll
  4461 | D:6      | Killed a troll
  5054 | D:7      | Reached XP level 9. HP: 65/73 MP: 8/8
  5832 | D:8      | Reached skill level 10 in Armour
  5887 | D:8      | Paralysed by a giant eyeball for 3 turns
  6234 | D:9      | Noticed Joseph
  6247 | D:9      | Killed Joseph
  6296 | D:9      | Received a gift from Trog
  6301 | D:9      | Reached XP level 10. HP: 59/83 MP: 9/9
  6721 | D:9      | Noticed Edmund
  6795 | D:9      | Killed Edmund
  6817 | D:9      | Found a corrupted altar of Lugonu.
  6940 | D:9      | Reached skill level 10 in Fighting
  7130 | D:10     | Entered Level 10 of the Dungeon
  7164 | D:10     | Reached skill level 11 in Axes
  7166 | D:10     | Found a staircase to the Orcish Mines.
  7306 | D:10     | Reached skill level 12 in Axes
  7434 | D:10     | Received a gift from Trog
  7458 | D:10     | Paralysed by a giant eyeball for 3 turns
  7524 | D:10     | Reached skill level 13 in Axes
  7912 | D:10     | Found a staircase to the Lair.
  7918 | Lair:1   | Entered Level 1 of the Lair of Beasts
  8058 | D:10     | Reached XP level 11. HP: 72/95 MP: 10/10
  8149 | D:10     | Reached skill level 14 in Axes
  8595 | Lair:2   | Noticed Kae's ghost (powerful DrIE)
  8604 | Lair:1   | Noticed Nergalle
  8612 | Lair:1   | Noticed a spectral orc warlord
  8630 | Lair:1   | Reached XP level 10. HP: 132/132 MP: 9/9
  8638 | Lair:1   | Killed Nergalle
  8638 | Lair:1   | Reached skill level 15 in Axes
  8638 | Lair:1   | Reached XP level 11. HP: 82/95 MP: 10/10
  8648 | D:10     | Reached XP level 10. HP: 76/88 MP: 9/9
  8984 | Lair:1   | Reached XP level 11. HP: 89/95 MP: 10/10
  9041 | Lair:1   | Noticed a black mamba
  9052 | Lair:1   | Killed a black mamba
  9104 | Lair:1   | Reached skill level 16 in Axes
  9576 | Lair:2   | Killed Kae's ghost
 10819 | Lair:3   | Received a gift from Trog
 11794 | Lair:4   | Found a staircase to the Swamp.
 12119 | Lair:4   | Found a hole to the Spider Nest.
 12486 | Lair:5   | Reached skill level 15 in Armour
 12527 | Lair:5   | Received a gift from Trog
 12527 | Lair:5   | Reached XP level 12. HP: 86/103 MP: 11/11
 12660 | Lair:2   | Upgraded the game from 0.13-a0-1553-g7307ddf to 0.13-a0-1577-g2bae144
 13032 | Lair:5   | Got a fine chain mail
 13033 | Lair:5   | Identified the cursed -5 chain mail of Conscience {rF++ SInv} (You found it on level 5 of the Lair of Beasts)
 13473 | Lair:5   | Noticed a five-headed hydra
 13583 | Lair:6   | Reached skill level 17 in Armour
 14003 | Lair:6   | Noticed a five-headed hydra
 14019 | Lair:6   | Killed a five-headed hydra
 14475 | Lair:7   | Received a gift from Trog
 14625 | Lair:7   | Killed a ravenous dagger mimic
 14641 | Lair:7   | Noticed a death yak
 14642 | Lair:7   | Noticed a death yak
 14642 | Lair:7   | Noticed a death yak
 14664 | Lair:7   | Noticed a death yak
 14666 | Lair:7   | Killed a death yak
 14677 | Lair:7   | Killed a death yak
 14684 | Lair:7   | Killed a death yak
 14689 | Lair:7   | Killed a death yak
 14689 | Lair:7   | Reached skill level 18 in Axes
 14796 | Lair:7   | Got a warped leather armour
 14801 | Lair:7   | Identified the cursed -5 leather armour of Chi Blui {Str+2 Dex+3} (You found it on level 7 of the Lair of Beasts)
 14967 | Lair:7   | Reached XP level 13. HP: 110/110 MP: 12/12
 15017 | Lair:7   | Found a staircase to the Slime Pits.
 15400 | Lair:8   | Entered Level 8 of the Lair of Beasts
 15552 | Lair:8   | Received a gift from Trog
 15552 | Lair:8   | Reached skill level 19 in Axes
 15575 | Lair:8   | Got a slimy lajatang {god gift}
 15855 | Lair:8   | Reached skill level 20 in Axes
 15890 | Lair:8   | Received a gift from Trog
 15901 | Lair:8   | Got a warped battleaxe {god gift}
 15937 | Lair:8   | Noticed a seven-headed hydra
 15941 | Lair:8   | Killed a seven-headed hydra
 16338 | Lair:8   | Noticed a seven-headed hydra
 16346 | Lair:8   | Killed a seven-headed hydra
 16604 | Lair:5   | Killed a six-headed hydra
 16810 | D:11     | Noticed Nessos
 16819 | D:11     | Killed Nessos
 17053 | D:11     | Received a gift from Trog
 17061 | D:11     | Identified the battleaxe of Trog's Hope {god gift, chop, Dex+4 Int+2} (Trog gifted it to you on level 8 of the Lair of Beasts)
 17660 | D:12     | Found a glowing golden altar of the Shining One.
 17906 | D:12     | Noticed Erica
 17916 | D:12     | Killed Erica
 18088 | D:12     | Noticed a vault guard
 18095 | D:12     | Killed a vault guard
 18095 | D:12     | Reached XP level 14. HP: 104/124 MP: 13/13
 18101 | D:12     | Found a portal to a secret trove of treasure.
 18965 | D:14     | Entered Level 14 of the Dungeon
 18983 | D:14     | Reached skill level 15 in Fighting
 18988 | D:14     | Noticed Snorg
 18999 | D:14     | Killed Snorg
 19032 | D:14     | Received a gift from Trog
 19281 | D:14     | Noticed Roxanne
 19349 | D:14     | Noticed Rupert
 19360 | D:14     | Killed Rupert
 19621 | D:14     | Found Enonn's Book Shop.
 19927 | D:15     | Entered Level 15 of the Dungeon
 20042 | D:15     | Noticed Nikola
 20056 | D:15     | Killed Nikola
 20228 | D:15     | Noticed a stone giant
 20234 | D:15     | Reached XP level 15. HP: 124/141 MP: 14/14
 20236 | D:15     | Killed a stone giant
 20325 | D:15     | Noticed a stone giant
 20329 | D:15     | Noticed a stone giant
 20335 | D:15     | Killed a stone giant
 20340 | D:15     | Killed a stone giant
 20351 | D:15     | Noticed a stone giant
 20353 | D:15     | Noticed a stone giant
 20371 | D:15     | Killed a stone giant
 20372 | D:15     | Killed a stone giant
 21041 | D:15     | Received a gift from Trog
 21074 | D:15     | Noticed Harold
 21082 | D:15     | Killed Harold
 21331 | D:15     | Found a staircase to the Vaults.
 21801 | Orc:1    | Entered Level 1 of the Orcish Mines
 21895 | Orc:1    | Noticed an orc warlord
 21902 | Orc:1    | Killed an orc warlord
 22503 | Orc:2    | Received a gift from Trog
 22588 | Orc:2    | Found a burning altar of Makhleb.
 22998 | Orc:3    | Noticed Urug
 23011 | Orc:3    | Killed Urug
 23241 | Orc:3    | Found a staircase to the Elven Halls.
 23253 | Orc:3    | Received a gift from Trog
 23308 | Orc:3    | Found a roughly hewn altar of Beogh.
 23502 | Orc:4    | Entered Level 4 of the Orcish Mines
 23594 | Orc:4    | Found a roughly hewn altar of Beogh.
 23776 | Orc:4    | Found Qusat's Weapon Shoppe.
 23920 | Orc:4    | Found Debiack's Weapon Shop.
 23932 | Orc:4    | Received a gift from Trog
 24058 | Orc:4    | Gained mutation: You tend to lose your temper in combat. [a neqoxec]
 24134 | Orc:4    | Found Pragecib's Armour Shop.
 24140 | Orc:4    | Found Borogru's Jewellery Shoppe.
 24140 | Orc:4    | Found Jac Kimn's Assorted Antiques.
 24218 | Orc:4    | Bought a +1 elven scale mail of poison resistance for 555 gold pieces
 24524 | Swamp:1  | Entered Level 1 of the Swamp
 24892 | Swamp:3  | Received a gift from Trog
 25095 | Swamp:5  | Entered Level 5 of the Swamp
 25711 | Swamp:4  | HP: 5/145 [swamp dragon (7)]
 25712 | Swamp:4  | Mangled by a six-headed hydra

Action                   |  1- 3 |  4- 6 |  7- 9 | 10-12 | 13-15 || total
-------------------------+-------+-------+-------+-------+-------++-------
Melee: Hand axe          |   116 |   162 |    96 |       |       ||   374
       Broad axe         |       |       |   240 |    19 |       ||   259
       War axe           |       |       |       |   630 |       ||   630
       Executioner's axe |       |       |       |   458 |  1208 ||  1666
Throw: Dart              |       |       |     4 |       |       ||     4
       Javelin           |       |       |     4 |     8 |     1 ||    13
Invok: Berserk           |       |     3 |     1 |     3 |     5 ||    12
       Trog's Hand       |       |       |       |     2 |     3 ||     5
       Burn Spellbooks   |       |       |       |     3 |     2 ||     5
       Brothers in Arms  |       |       |       |     2 |    20 ||    22
Evoke: Wand              |       |       |     6 |    16 |    10 ||    32
       Miscellaneous     |       |       |       |       |     1 ||     1
  Use: Scroll            |     2 |       |     9 |    23 |    15 ||    49
       Potion            |       |       |       |     8 |    12 ||    20
 Stab: Confused          |       |       |       |       |     1 ||     1
